 Seeded DCSS version 0.29.1-2-gbd0b4ee654 (webtiles) character file.

Game seed: 3311 (custom seed)

156 Ashen the Chiller (level 5, -2/35 HPs)
             Began as a Demonspawn Ice Elementalist on Oct 28, 2022.
             Was an Initiate of Vehumet.
             Killed by divine providence
             ... invoked by an orc priest
              (13 damage)
             ... on level 3 of the Dungeon.
             The game lasted 00:04:24 (3568 turns).

Ashen the Chiller (Demonspawn Ice Elementalist)     Turns: 3568, Time: 00:04:24

Health: -2/35      AC: 10    Str:  8    XL:     5   Next: 15%
Magic:  3/9        EV: 12    Int: 19    God:    Vehumet [......]
Gold:   172        SH:  0    Dex: 13    Spells: 3/10 levels left

rFire   . . .      SeeInvis .   f - +0 short sword (venom)
rCold   . . .      Faith    .   (no shield)
rNeg    . . .      Spirit   .   n - +0 leather armour
rPois   .          Reflect  .   k - +0 helmet
rElec   .          Harm     .   (no cloak)
rCorr   .          Rampage  .   (no gloves)
Will    .....                   (no boots)
Stlth   ++........              (no amulet)
HPRegen 0.11/turn               (no ring)
MPRegen 0.11/turn               (no ring)

@: ice-armoured, freezing walls
A: sturdy frame 2
a: Renounce Religion


You were on level 3 of the Dungeon.
You worshipped Vehumet.
Vehumet was noncommittal.
You visited 1 branch of the dungeon, and saw 3 of its levels.

You collected 172 gold pieces.

Inventory:

Hand Weapons
 f - a +0 short sword of venom (weapon)
Armour
 k - a +0 helmet (worn)
 n - a +0 leather armour (worn)
Scrolls
 a - a scroll of poison {unknown}
 d - 3 scrolls of teleportation {unknown}
 i - 2 scrolls of identify {unknown}
 j - a scroll of noise {unknown}
 l - a scroll of enchant armour {unknown}
 m - a scroll of fear {unknown}
Potions
 b - a potion of magic
 c - a potion of mutation {unknown}
 e - a potion of heal wounds {unknown}
 g - 2 potions of attraction {unknown}
 h - 2 potions of resistance {unknown}


   Skills:
 + Level 2.9 Dodging
 + Level 3.0 Stealth
 + Level 3.0 Spellcasting
 + Level 4.2 Ice Magic


You had 3 spell levels left.
You knew the following spells:

 Your Spells              Type           Power      Damage    Failure   Level
a - Freeze                Ice            76%        1d9       2%          1
b - Frozen Ramparts       Ice            38%        1d6       8%          3
c - Ozocubu's Armour      Ice            19%        N/A       8%          3

Your spell library contained the following spells:

 Spells                   Type           Power      Damage    Failure   Level
 Hailstorm                Conj/Ice       10%        3d5       54%         4
 Ice Form                 Ice/Tmut       10%        N/A       54%         4
 Summon Ice Beast         Ice/Summ       10%        N/A       54%         4


Dungeon Overview and Level Annotations

Branches:
Dungeon (3/15)

Altars:
Sif Muna
Vehumet

Annotations:
D:2 1 runed translucent door, exclusion: door


Innate Abilities, Weirdness & Mutations

Your movements are less encumbered by armour. (ER -4)


Message History

You feel sick.
You feel sick.
You are no longer poisoned.
An orc is nearby!
The orc shouts!
You hear a shout!
The orc wizard shouts!
Casting: Freeze (safe; 2% risk of failure)
Confirm with . or Enter, or press ? or * to list all spells.
Casting: Frozen Ramparts (dangerous; 8% risk of failure)
Press: ? - help, Dir - look around, f - activate The walls around you are covered in ice.
The wall freezes the orc.
The orc hits you with a +0 morningstar!
The wall freezes the orc wizard.
The wall freezes the orc priest.
Unknown command.
Casting: Frozen Ramparts (dangerous; 8% risk of failure)
Confirm with . or Enter, or press ? or * to list all spells.
A film of ice covers your body!
The wall freezes the orc.
The orc misses you.
The wall freezes the orc wizard but does no damage.
The wall freezes the orc priest.
The orc priest begins to cast a cantrip, but forgets the words!
You barely miss the orc.
The orc is lightly wounded.
The wall freezes the orc.
The orc hits you with a +0 morningstar!
The wall freezes the orc wizard.
The wall freezes the orc priest.
You barely miss the orc.
The orc is moderately wounded.
The wall freezes the orc!
You kill the orc!
Vehumet accepts your kill.
The wall freezes the orc wizard.
The orc wizard gestures wildly while chanting.
The orc wizard flickers and vanishes!
Deactivating autopickup; reactivate with Ctrl-A.
The wall freezes the orc priest but does no damage.
The orc priest mumbles some strange prayers to Beogh against you.
Pain shoots through your body!
You swing at nothing.
The wall freezes the orc priest but does no damage.
The orc priest mumbles some strange prayers to Beogh against you.
Beogh smites you!
You die...

#######>#.#
#.##############
#.......#.# #.# #....#
#.###...#.# #.# #....#
.#...รท.#.# #.# #....#
#.####..#.# ### #..o.#
..####..#.# #....#
###.....#.# #o...#
...###.##.#########.....
........#.......@)o{....
###.###.################
### ##


You could see an orc priest.

Vanquished Creatures
  3 orc wizards (D:3)
  An adder (D:3)
  A worm (D:2)
  3 dart slugs
  4 orcs (D:3)
  8 endoplasms
  3 giant cockroaches
  3 goblins
  6 hobgoblins
  4 jackals (D:2)
  A quokka (D:2)
  8 ball pythons
  4 bats
  2 frilled lizards
  3 kobolds
  5 rats
59 creatures vanquished.

Notes
Turn   | Place    | Note
-------+----------+-------------------------------------------
     0 | D:1      | Ashen the Demonspawn Ice Elementalist began the quest for
                  | the Orb.
     0 | D:1      | Reached XP level 1. HP: 13/13 MP: 3/3
   284 | D:1      | Gained mutation: Your movements are slightly less
                  | encumbered by armour. (ER -2) [demonic ancestry]
   284 | D:1      | Reached XP level 2. HP: 18/19 MP: 1/5
  1430 | D:2      | Gained mutation: Your movements are less encumbered by
                  | armour. (ER -4) [demonic ancestry]
  1430 | D:2      | Reached XP level 3. HP: 22/24 MP: 6/6
  2294 | D:2      | Found a runed translucent door.
  2315 | D:2      | Found a faded altar of an unknown god.
  2623 | D:3      | Found a radiant altar of Vehumet.
  2633 | D:3      | Became a worshipper of Vehumet
  2664 | D:3      | Reached skill level 4 in Ice Magic
  3063 | D:3      | Learned a level 3 spell: Frozen Ramparts
  3080 | D:3      | Learned a level 3 spell: Ozocubu's Armour
  3114 | D:3      | Reached XP level 4. HP: 24/30 MP: 7/7
  3121 | D:3      | Reached XP level 5. HP: 29/35 MP: 4/9
  3314 | D:3      | Found a shimmering blue altar of Sif Muna.
  3568 | D:3      | Killed from afar by an orc priest

Illustrated notes

Levels and vault maps discovered:
D:1:      amcnicky_arrival_flooded_fountain, layout_loops_corners
D:2:      layout_basic, shapermc_ecumenical_altar_petra,
          nicolae_figureground_sparkle, uniq_crazy_yiuf_cottage
D:3:      layout_basic, nicolae_sif_muna_little_library,
          mainiacjoe_overflow_paths, serial_co_window_serial,
          co_window_of_opportunity_a, co_window_corner_a, co_window_paths_a,
          co_window_of_opportunity_a, co_window_of_opportunity_a,
          co_window_cross_3, co_window_unsneaky_path_c, co_window_corner_b,
          co_window_cross_4, co_window_unsneaky_path_c,
          co_window_of_opportunity_c, co_window_paths_d, glass_columns_a,
          glass_columns_a, glass_columns_a, glass_columns_c, glass_columns_b

Skill      XL: |  1  2  3  4  5 |
---------------+----------------+-----
Stealth        | 2 3 |  3.0
Dodging        | 2 |  2.9
Ice Magic      | 4 |  4.2
Spellcasting   | 3 |  3.0

Action                   |  1- 3 |  4- 6 || total
-------------------------+-------+-------++-------
Melee: Unarmed           |     7 |       ||     7
       Short sword       |    85 |    12 ||    97
       Punch             |     2 |     1 ||     3
 Cast: Freeze            |    52 |     2 ||    54
       Frozen Ramparts   |       |     2 ||     2
       Ozocubu's Armour  |       |     1 ||     1
 Stab: Sleeping          |     4 |       ||     4
Armor: Robe              |    18 |       ||    18
       Leather armour    |    19 |     5 ||    24
Dodge: Dodged            |    82 |     6 ||    88
